 Dungeon Crawl Stone Soup version 0.29.0-4-gdea44cf6ec (webtiles) character file.

Game seed: 3713935989366761894

21497 ILmort the Dancer (level 12, -9/77 HPs)
             Began as a Hill Orc Fighter on Aug 27, 2022.
             Was a Follower of Uskayaw.
             Killed by divine providence
             ... invoked by a smoke demon
              (12 damage)
             ... on level 2 of the Abyss.
             The game lasted 00:51:15 (14593 turns).

ILmort the Dancer (Hill Orc Fighter)               Turns: 14593, Time: 00:51:15

Health: -9/77      AC: 26    Str: 20      XL:     12   Next: 90%
Magic:  18/18      EV: 10    Int:  3 (4)  God:    Uskayaw [*.....]
Gold:   201        SH:  0    Dex:  4 (6)  Spells: 11/11 levels left

rFire   . . .      SeeInvis .   a - +1 battleaxe (drain)
rCold   + . .      Faith    .   (shield currently unavailable)
rNeg    + . .      Spirit   .   X - +4 plate armour {rPois}
rPois   +          Reflect  .   H - +2 helmet
rElec   .          Harm     .   e - +0 cloak
rCorr   .          Rampage  .   Z - +0 pair of gloves
Will    +....      Rage     9%  l - +0 pair of boots
Stlth   ..........              s - amulet "Hiut" {rC+ rN+ Regen+}
HPRegen 0.00/turn               E - ring of willpower
MPRegen 0.16/turn               w - +4 ring of evasion

@: inhibited regen, unable to read, unable to drink
A: [berserk 2], [clumsy 2], [deterioration 2], [dopey 2], [frail 3], [low MP 2],
[screaming 2], [inhibited regeneration], [weak 2], [subdued magic 3], [inability
to drink after injury 2], [inability to read after injury 2]
a: Renounce Religion, Stomp


You were on level 2 of the Abyss.
You worshipped Uskayaw.
Uskayaw was pleased with you.
You visited 2 branches of the dungeon, and saw 13 of its levels.
You visited the Abyss 1 time.
You also visited: Ice Cave.

You collected 789 gold pieces.
You spent 588 gold pieces at shops.

Inventory:

Hand Weapons
 a - a +1 battleaxe of draining (weapon)
 b - a +3 flail of protection
 p - a +1 flail of protection
 u - a +0 hammer of holy wrath
 T - a +5 dire flail
Missiles
 U - a throwing net (quivered)
Armour
 e - a +0 cloak (worn)
 l - a +0 pair of boots (worn)
 G - a +0 buckler of cold resistance
 H - a +2 helmet (worn)
 X - a +4 plate armour of poison resistance (worn)
 Z - a +0 pair of gloves (worn)
Jewellery
 s - the amulet "Hiut" (around neck) {rC+ rN+ Regen+}
   (You acquired it on level 11 of the Dungeon)

   [amulet of regeneration]

   rC:        It protects you from cold.
   rN:        It protects you from negative energy.
   Regen:     It increases your rate of health regeneration.
 v - a ring of protection from cold
 w - a +4 ring of evasion (right hand)
 z - a ring of positive energy
 E - a ring of willpower (left hand)
 S - a ring of poison resistance
 W - a ring of fire
Wands
 r - a wand of polymorph (17)
 t - a wand of iceblast (23)
 I - a wand of mindburst (30)
 N - a wand of flame (52)
 R - a wand of paralysis (8)
Scrolls
 c - a scroll of identify
 j - 7 scrolls of teleportation
 x - a scroll of fog
 A - 3 scrolls of poison
 C - a scroll of magic mapping
Potions
 d - 3 potions of might
 f - 2 potions of cancellation {unknown}
 g - 5 potions of heal wounds
 h - 3 potions of haste
 k - 3 potions of lignification
 m - 4 potions of brilliance
 n - a potion of mutation {unknown}
 F - 2 potions of invisibility
 J - 2 potions of curing
 K - 4 potions of berserk rage {unknown}
 L - 5 potions of degeneration {unknown}
 V - 5 potions of flight
Miscellaneous
 P - a tin of tremorstones (2/2)


   Skills:
 + Level 11.7 Fighting
 + Level 15.1 Axes
 + Level 10.5 Armour
 - Level 3.2 Shields
 * Level 15.6 Invocations


You had 11 spell levels left.
You didn't know any spells.
Your spell library contained the following spells:

 Spells                   Type           Power      Damage    Failure   Level
 Apportation              Tloc           0%         N/A       100%        1
 Magic Dart               Conj           0%         1d3       100%        1
 Summon Small Mammal      Summ           0%         N/A       100%        1
 Call Imp                 Summ           0%         N/A       100%        2
 Scorch                   Fire           0%         2d5       100%        2
 Searing Ray              Conj           0%         2d4       100%        2
 Static Discharge         Conj/Air       0%         3-3/arc   100%        2
 Call Canine Familiar     Summ           0%         N/A       100%        3
 Mephitic Cloud           Conj/Pois/Air  0%         N/A       100%        3
 Summon Guardian Golem    Hex/Summ       0%         N/A       100%        3
 Dispel Undead            Necr           0%         3d6       100%        4
 Flame Wave               Conj/Fire      0%         2d4       100%        4
 Fulminant Prism          Conj/Hex       0%         3d6       100%        4
 Sticky Flame             Conj/Fire      0%         2d3       100%        4
 Alistair's Intoxication  Tmut/Pois      0%         N/A       100%        5
 Freezing Cloud           Conj/Ice/Air   0%         6-21      100%        5
 Simulacrum               Ice/Necr       0%         N/A       100%        6
 Summon Cactus Giant      Summ           0%         N/A       100%        6
 Orb of Destruction       Conj           0%         9d5       100%        7
 Spellforged Servitor     Conj/Summ      0%         N/A       100%        7
 Polar Vortex             Ice            0%         N/A       100%        9


Dungeon Overview and Level Annotations

Branches:
Dungeon (12/15)            Temple (1/1) D:4             Orc (0/2) D:11
  IceCv (visited)
   Lair: D:8-11

Altars:
Dithmenos
Fedhas
Hepliaklqana
Makhleb
Okawaru
Qazlal
Ru
Sif Muna
Trog
Uskayaw
Vehumet
Wu Jian
Yredelemnul
The Shining One

Shops:
D:4 [   D:7 (   D:10 =


Innate Abilities, Weirdness & Mutations

[You have an uncontrollable temper.]
[You are very clumsy. (Dex -4)]
[Your body often deteriorates upon taking damage.]
[You are very dopey. (Int -4)]
[You are extremely frail. (-30% HP)]
[Your magical capacity is very low. (-20% MP)]
[You frequently scream uncontrollably at your foes.]
[You do not regenerate when monsters are visible.]
[You are very weak. (Str -4)]
[Your spells are much easier to cast, but much less powerful.]
[You sometimes lose the ability to drink potions when taking damage.]
[You sometimes lose the ability to read scrolls when taking damage.]


Message History

Found three shimmering altars of Xom.
The ynoxinul gestures at you. The iron shot misses you.
Found a shimmering altar of Xom.
The wretched star pulses with an eldritch light!
You feel weaker. x2
The ynoxinul gestures at you. The iron shot hits you!!!
Your body deteriorates!
You feel dopey.
The wretched star pulses with an eldritch light!
You feel a little pissed off.
You feel extremely angry at everything!
You occasionally lose the ability to read scrolls when taking damage.
You lose the ability to read scrolls when taking damage more often.
The ynoxinul gestures.
The wretched star glows turbulently.
The lance of force hits you!!
You feel threatened and lose the ability to read scrolls!
You feel threatened and lose the ability to drink potions!
* * * LOW HITPOINT WARNING * * *
Your body deteriorates!
You feel clumsy.
You are knocked back by the lance of force.
You slam into the rock wall!
* * * LOW HITPOINT WARNING * * *
Your body deteriorates!
You feel clumsy.
A smoke demon comes into view.
You scream at the smoke demon!
The smoke demon roars!
You hear a roar!
The wretched star pulses with an eldritch light!
Your connection to magic feels nearly dormant.
The ufetubus attacks as you move away!
The ufetubus hits you but does no damage.
The ufetubus misses you. The ufetubus closely misses you.
The ufetubus barely misses you.
There is an open door here.
You can drink potions again.
The white imp shouts!
The smoke demon gestures at you. Something smites you!
You feel threatened and lose the ability to drink potions!
You die...

...#..# .8#.. # .5..#
.# 'ยงยง. ..# #..#
..# #..#...#
##########...##... ..
...3....55@....# . #
#######*##.......# ..
............#.....#..
. #..##..##...#.....#
..##.. #.
##.35#....#.. ......
... ....####.# ..
..... # ....... .....
# . ##.......##..##..
. ...........#...#


You could see a wretched star, a smoke demon, a white imp and 2 ufetubi.

Vanquished Creatures
  A hydra (D:11)
  3 boulder beetles (D:11)
  2 two-headed ogres (D:9)
  A bog body (IceCv)
  A necromancer (IceCv)
  A cyclops (D:11)
  Maurice (D:9)
  2 ice statues (IceCv)
  3 centaur zombies (D:11)
  A centaur skeleton (D:11)
  2 unseen horrors
  2 freezing wraiths (IceCv)
  2 rime drakes (D:11)
  An anaconda simulacrum (IceCv)
  2 hellwings (D:11)
  3 ice devils (IceCv)
  3 trolls
  2 dream sheep (D:7)
  3 slime creatures (D:12)
  Sigmund (D:5)
  A shadow (D:10)
  9 yaks
  A wraith (D:12)
  3 dire elephant simulacra (IceCv)
  A steam dragon (D:9)
  Grum (D:10)
  A chaos spawn (Abyss:2)
  10 vampire mosquitoes
  4 harpy simulacra (IceCv)
  2 hydra simulacra (IceCv)
  A water moccasin (D:6)
  Duvessa (D:4)
  2 hornet zombies (D:11)
  An orc warrior (D:11)
  2 ice beasts
  3 centaurs
  An ogre (D:7)
  3 wolves (D:10)
  3 kobold brigands
  4 bullfrogs
  A gnoll sergeant (D:9)
  A scorpion (D:10)
  12 wights
  A small abomination (Abyss:1)
  Dowan (D:4)
  An elephant simulacrum (IceCv)
  23 killer bees
  4 howler monkeys
  5 hounds
  Crazy Yiuf (D:4)
  4 orc priests
  A gnoll bouda (D:7)
  2 jellies
  5 iguanas
  Natasha (twice) (D:2)
  10 orc wizards
  2 wolf simulacra (IceCv)
  12 gnolls
  10 adders
  6 shadow imps
  5 white imps
  4 ufetubi
  A worm (D:3)
  A dart slug (D:2)
  43 orcs
  3 ball pythons
  7 endoplasms
  3 giant cockroaches
  6 goblins
  12 hobgoblins
  3 jackals (D:1)
  18 kobolds
  5 quokkas
  3 bats
  3 frilled lizards
  5 rats
317 creatures vanquished.

Vanquished Creatures (others)
  7 fungi (D:10)
  9 plants
  4 withered plants (D:11)
20 creatures vanquished.

Grand Total: 337 creatures vanquished

Notes
Turn   | Place    | Note
-------+----------+-------------------------------------------
     0 | D:1      | ILmort the Hill Orc Fighter began the quest for the Orb.
     0 | D:1      | Reached XP level 1. HP: 19/19 MP: 1/1
   195 | D:1      | Reached XP level 2. HP: 27/27 MP: 2/2
   736 | D:1      | Found a faded altar of an unknown god.
   907 | D:2      | Reached XP level 3. HP: 25/33 MP: 3/3
  1534 | D:2      | Noticed Natasha
  1539 | D:2      | Killed Natasha
  1540 | D:2      | Reached XP level 4. HP: 34/41 MP: 4/4
  2005 | D:3      | Reached skill level 5 in Axes
  2066 | D:3      | Reached XP level 5. HP: 11/47 MP: 5/5
  2296 | D:2      | Noticed Natasha
  2301 | D:2      | Killed Natasha
  2949 | D:3      | Identified the +5 scale mail of Womocaurch {rF- Str+5}
  3492 | D:4      | Reached skill level 5 in Fighting
  3501 | D:4      | Reached XP level 6. HP: 56/56 MP: 6/6
  3609 | D:4      | Found a runed translucent door.
  3610 | D:4      | Noticed Crazy Yiuf
  3616 | D:4      | Killed Crazy Yiuf
  3787 | D:4      | Found Atoit's Armour Boutique.
  3871 | D:4      | Found a staircase to the Ecumenical Temple.
  3889 | Temple   | Entered the Ecumenical Temple
  3933 | Temple   | Became a worshipper of Uskayaw the Reveller
  4126 | D:4      | Reached * piety under Uskayaw
  4133 | D:4      | Reached ** piety under Uskayaw
  4368 | D:4      | Reached skill level 1 in Invocations
  4392 | D:4      | Noticed an ice beast
  4392 | D:4      | Noticed Duvessa
  4398 | D:4      | Noticed Dowan
  4421 | D:5      | Entered Level 5 of the Dungeon
  4440 | D:5      | Reached *** piety under Uskayaw
  4446 | D:5      | Reached **** piety under Uskayaw
  4450 | D:5      | Reached XP level 7. HP: 25/61 MP: 8/8
  4450 | D:5      | Reached ***** piety under Uskayaw
  4779 | D:5      | Noticed Sigmund
  4793 | D:5      | Killed Sigmund
  4794 | D:5      | Reached skill level 5 in Armour
  5237 | D:5      | Reached XP level 8. HP: 70/70 MP: 11/11
  5461 | D:6      | Reached skill level 5 in Invocations
  6117 | D:6      | Found a blossoming altar of Fedhas.
  6362 | D:7      | Found Butaet's Weapon Emporium.
  6757 | D:7      | Reached XP level 9. HP: 79/79 MP: 14/14
  6983 | D:7      | Reached skill level 10 in Axes
  7132 | D:7      | Found an iron altar of Okawaru.
  7859 | D:8      | Reached XP level 10. HP: 52/88 MP: 16/16
  9049 | D:9      | Noticed Maurice
  9057 | D:9      | Paralysed by something for 2 turns
  9076 | D:9      | Killed Maurice
  9077 | D:9      | Reached skill level 10 in Invocations
  9234 | D:9      | Killed an unseen horror
  9514 | D:9      | Noticed a two-headed ogre
  9529 | D:9      | Killed a two-headed ogre
  9782 | D:9      | Noticed a two-headed ogre
  9802 | D:9      | Killed a two-headed ogre
  9858 | D:9      | Found a shadowy altar of Dithmenos.
  9861 | D:9      | Found a shimmering blue altar of Sif Muna.
 10192 | D:9      | Reached XP level 11. HP: 82/97 MP: 19/19
 10473 | D:10     | Entered Level 10 of the Dungeon
 10483 | D:10     | Found Higerph's Jewellery Emporium.
 10899 | D:10     | Noticed Grum
 10919 | D:10     | Killed Grum
 11761 | D:4      | Killed Duvessa
 11768 | D:4      | Killed Dowan
 12051 | D:4      | Bought a +3 plate armour of poison resistance for 588 gold
                  | pieces
 12274 | D:10     | Found a hazy altar of Hepliaklqana.
 12275 | D:10     | Found a sacrificial altar of Ru.
 12390 | D:11     | Identified a scroll of acquirement
 12390 | D:11     | Acquired the amulet "Hiut" {rC+ rN+ Regen+}
 12474 | D:11     | Reached skill level 10 in Fighting
 12498 | D:11     | Noticed a five-headed hydra
 12516 | D:11     | Killed a five-headed hydra
 12587 | D:11     | Noticed a boulder beetle
 12619 | D:11     | Found a frozen archway.
 12636 | IceCv    | Entered an ice cave
 12742 | IceCv    | Reached XP level 12. HP: 70/107 MP: 22/22
 13319 | D:11     | Killed a boulder beetle
 13320 | D:11     | Reached skill level 10 in Armour
 13373 | D:11     | Noticed a boulder beetle
 13414 | D:11     | Killed a boulder beetle
 13440 | D:11     | Found a staircase to the Orcish Mines.
 13487 | D:11     | Reached skill level 15 in Invocations
 13511 | D:11     | Noticed a boulder beetle
 13594 | D:11     | Killed a boulder beetle
 14258 | D:12     | Reached skill level 15 in Axes
 14416 | D:12     | Noticed a boulder beetle
 14453 | Abyss:1  | Cast into level 1 of the Abyss (orc warrior)
 14543 | Abyss:2  | Noticed a wretched star
 14566 | Abyss:2  | Noticed a wretched star
 14578 | Abyss:2  | Found a shimmering altar of Xom.
 14578 | Abyss:2  | Found a shimmering altar of Xom.
 14579 | Abyss:2  | Found a shimmering altar of Xom.
 14579 | Abyss:2  | Found a shimmering altar of Xom.
 14580 | Abyss:2  | Found a corrupted altar of Lugonu.
 14580 | Abyss:2  | Found a shimmering altar of Xom.
 14581 | Abyss:2  | Found a shimmering altar of Xom.
 14581 | Abyss:2  | Found a shimmering altar of Xom.
 14582 | Abyss:2  | Found a shimmering altar of Xom.
 14582 | Abyss:2  | Found a shimmering altar of Xom.
 14582 | Abyss:2  | Found a shimmering altar of Xom.
 14583 | Abyss:2  | Found a shimmering altar of Xom.
 14587 | Abyss:2  | HP: 3/77 [rock wall collision (14)]
 14593 | Abyss:2  | Killed from afar by a smoke demon

Illustrated notes

Levels and vault maps discovered:
D:1:      dpeg_arrival_court, layout_rooms, shapermc_ecumenical_altar_venn
D:2:      layout_basic, uniq_natasha
D:3:      layout_loops_ring
D:4:      minmay_bubble_buster, layout_basic, minmay_temple_entry_glassed_door,
          serial_shops, kennysheep_little_box, serial_forest,
          infiniplex_forest_straight_4, infiniplex_forest_lined_room_,
          infiniplex_forest_zigzag_1, infiniplex_forest_straight_3,
          infiniplex_forest_lined_1, infiniplex_forest_clump_tiny,
          infiniplex_forest_end_double, infiniplex_forest_3_way,
          infiniplex_forest_corner_1, uniq_duvessa, uniq_crazy_yiuf_cottage
D:5:      layout_rooms, serial_park_tiny_1, uniq_sigmund
D:6:      layout_gridville, mainiacjoe_overflow_catwalk
D:7:      layout_cave_pools, okawaru_trees_2, serial_shops,
          nicolae_stop_n_shop_1, dreamdust_gnoll_shepherd
D:8:      layout_rooms
D:9:      layout_basic, nicolae_overflow_squiral, serial_curves, eino_curves_04,
          eino_curves_01, uniq_maurice
D:10:     layout_gridville, mainiacjoe_overflow_divided_tiny,
          grunt_lair_entry_orc_guard_hut, serial_shops, nicolae_shop_crystal,
          minmay_rotating_lava, uniq_grum
D:11:     cheibrodos_grave_circle, layout_long_grid, david_orc_3,
          portal_ice_cave_rime
D:12:     layout_basic, chequers_serial_rivers_micro_e,
          kennysheep_orc_sif_temple
Temple:   eino_temple_rhombus
Abyss:2:  base: D:12, evilmike_abyss_exit_vortex, evilmike_abyss_exit_4,
          evilmike_abyss_exit_kraken, serial_sigils_hangedman_quiver,
          bh_abyss_xom_lugonu_altar

Skill      XL: |  1  2  3  4  5  6  7  8  9 10 11 12 |
---------------+-------------------------------------+-----
Axes           | 3 4 5 6 7 8 9 11 13 14 15 | 15.1
Fighting       | 4 5 6 7 8 9 10 11 | 11.7
Armour         | 4 5 6 8 9 10 | 10.5
Invocations    | 2 4 6 9 11 13 15 | 15.6
Shields        | |  3.2

Action                   |  1- 3 |  4- 6 |  7- 9 | 10-12 || total
-------------------------+-------+-------+-------+-------++-------
Melee: War axe           |    80 |   148 |   299 |   345 ||   872
       Battleaxe         |       |       |       |   299 ||   299
       Dire flail        |       |       |       |    18 ||    18
Invok: Stomp             |       |       |     1 |     3 ||     4
       Line Pass         |       |       |       |     1 ||     1
  Use: Scroll            |       |       |     6 |    11 ||    17
       Potion            |       |       |       |     4 ||     4
 Stab: Paralysed         |       |     1 |    15 |    54 ||    70
       Distracted        |       |       |     1 |       ||     1
       Confused          |       |       |       |     1 ||     1
Armor: Scale mail        |    19 |    64 |   112 |   147 ||   342
       Plate armour      |    21 |    38 |       |   307 ||   366
       Skin              |       |       |       |     5 ||     5
Dodge: Dodged            |    24 |    93 |   172 |   384 ||   673
Block: Buckler           |    17 |    34 |    56 |    89 ||   196
